 Dungeon Crawl Stone Soup version 0.22.0-49-gab54619674 (webtiles) character file.

32 Brecoman the Shooter (level 3, -2/29 HPs)
             Began as a Centaur Hunter on Sept 7, 2018.
             Slain by a crimson imp (3 damage)
             ... on level 2 of the Dungeon.
             The game lasted 00:05:57 (1086 turns).

Brecoman the Shooter (Centaur Hunter)               Turns: 1086, Time: 00:05:58

Health: -2/29      AC:  8    Str: 15    XL:     3   Next: 10%
Magic:  3/3        EV:  8    Int: 10    God:
Gold:   59         SH:  0    Dex:  9    Spells: 2/2 levels left

rFire    . . .     SeeInvis .   a - +1 shortbow
rCold    . . .     Gourm    .   (shield currently unavailable)
rNeg     . . .     Faith    .   c - +0 leather armour
rPois    .         Spirit   .   (no helmet)
rElec    .         Reflect  .   (no cloak)
rCorr    .         Harm     .   (no gloves)
MR       .....                  e - +0 centaur barding (curse)
Stlth    ..........             (no amulet)
HPRegen  0.09/turn              n - +1 ring of evasion
MPRegen  0.08/turn              (no ring)

@: drained, very quick
A: large, hooves 3, deformed body, speed 2, tough skin 3
a: no special abilities


You were on level 2 of the Dungeon.
You were not hungry.

You visited 1 branch of the dungeon, and saw 2 of its levels.

You collected 59 gold pieces.

Inventory:

Hand Weapons
 a - a +1 shortbow (weapon)
 b - a +1 short sword of draining
 h - a +0 short sword
Missiles
 d - 19 arrows (quivered)
 g - 40 stones
Armour
 c - a +0 leather armour (worn)
 e - a cursed +0 centaur barding (worn)
Jewellery
 n - a +1 ring of evasion (left hand)
Scrolls
 j - a scroll of teleportation {unknown}
 k - a scroll of amnesia {unknown}
 l - a scroll of identify {unknown}
 m - a scroll of fear {unknown}
Comestibles
 f - 3 rations
 i - 6 chunks of flesh


   Skills:
 - Level 2.0(1.7) Fighting
 * Level 6.7(6.4) Bows
 - Level 1.4(1.1) Dodging
 - Level 0.4(0.1) Stealth


You had 2 spell levels left.
You didn't know any spells.
Your spell library was empty.

Dungeon Overview and Level Annotations

Branches:
Dungeon (2/15)

Altars:


Innate Abilities, Weirdness & Mutations

You have hooves in place of feet.
Armour fits poorly on your strangely shaped body.
You cover ground very quickly.
You have extremely tough skin. (AC +3)


Message History

Firing (i - inventory. (/) - cycle)
d - 21 arrows (quivered)
Press: ? - help, Shift-Dir - straight line, f/p - crimson imp
Aim: a crimson imp You shoot an arrow.
The arrow hits the bullfrog.
The bullfrog is moderately wounded.
The bullfrog hits you! The bullfrog hits you.
* * * LOW HITPOINT WARNING * * *
Firing (i - inventory. (/) - cycle)
d - 20 arrows (quivered)
Press: ? - help, Shift-Dir - straight line, f/p - crimson imp
Aim: a crimson imp You shoot an arrow.
The arrow completely misses the crimson imp.
The crimson imp hits you.
* * * LOW HITPOINT WARNING * * *
The goblin barely misses you. The bullfrog hits you.
* * * LOW HITPOINT WARNING * * *
The bullfrog closely misses you.
The crimson imp hits you but does no damage.
The crimson imp hits you.
You die...

#..........# #..........#
##.........#+######
#................#
#................#
#................#
#........F.......#
#######..#.......# #####
#.......g5@......#
....###................#
.......................#
.......................####### #
............((.........#.....###.
.....)..###.......######.....#...
........#..............#.....#...
........#..............'.....+..>
........#..............#)....#...


You could see a bullfrog, a crimson imp and a goblin.

Vanquished Creatures
  2 dart slugs
  2 giant cockroaches
  3 goblins (D:2)
  3 hobgoblins
  2 jackals (D:1)
  8 bats
  4 kobolds (D:1)
  2 rats (D:1)
26 creatures vanquished.

Notes
Turn   | Place    | Note
-------+----------+-------------------------------------------
     0 | D:1      | Brecoman the Centaur Hunter began the quest for the Orb.
     0 | D:1      | Reached XP level 1. HP: 17/17 MP: 1/1
   170 | D:1      | Reached XP level 2. HP: 24/24 MP: 2/2
   223 | D:1      | Reached skill level 6 in Bows
   846 | D:2      | Reached XP level 3. HP: 26/29 MP: 3/3
   984 | D:2      | Noticed a bullfrog
  1079 | D:2      | HP: 1/29 [bullfrog (4)]
  1086 | D:2      | Slain by a crimson imp

Skill      XL: |  1  2 |
---------------+-------+-----
Bows           | 6 |  6.7
Fighting       | |  2.0
Dodging        | |  1.4
Stealth        | |  0.4

Action                   || total
-------------------------++-------
 Fire: Shortbow          ||    98
Armor: Leather armour    ||    54
Dodge: Dodged            ||    32
